 Dungeon Crawl Stone Soup version 0.20-a0-820-g557356e (console) character file.

1571 nht the Severer (level 8, 0/57 HPs)
             Began as a Hill Orc Fire Elementalist on Mar 4, 2017.
             Slain by a rat (2 damage)
             ... on level 5 of the Dungeon.
             The game lasted 00:11:20 (4062 turns).

nht the Severer (Hill Orc Fire Elementalist)        Turns: 4062, Time: 00:11:21

Health: 0/57       AC:  3    Str: 16    XL:     8   Next: 90%
Magic:  1/14       EV: 12    Int: 17    God:
Gold:   271        SH:  0    Dex: 11    Spells: 8/15 levels left

rFire    + . .     SeeInvis .   y - +0 hand axe
rCold    + . .     Gourm    .   a - +0 robe
rNeg     . . .     Faith    .   (no shield)
rPois    +         Spirit   .   l - +0 helmet
rElec    +         Reflect  .   (no cloak)
rCorr    +         Harm     .   (no gloves)
MR       .....                  (no boots)
Stlth    ++........             z - amulet of rage
Regen    0.2/turn               (no ring)
MPRegen  0.2/turn               (no ring)

@: mighty, resistant
A: no striking features
a: Evoke Berserk Rage


You were on level 5 of the Dungeon.
You were not hungry.

You visited 1 branch of the dungeon, and saw 5 of its levels.

You collected 271 gold pieces.

Inventory:

Hand Weapons
 y - a +0 hand axe (weapon)
Armour
 a - a +0 robe (worn)
 l - a +0 helmet (worn)
 u - a +0 plate armour
Jewellery
 z - an amulet of rage (around neck)
Wands
 C - a wand of digging (12/24)
Scrolls
 d - a scroll of blinking {unknown}
 e - a scroll of fear {unknown}
 k - a scroll of enchant weapon {unknown}
 m - 3 scrolls of remove curse {unknown}
 n - 5 scrolls of teleportation {unknown}
 q - a scroll of enchant armour {unknown}
 r - a scroll of amnesia {unknown}
 B - a scroll of magic mapping {unknown}
Potions
 o - a potion of haste
 v - 2 potions of agility {unknown}
 A - a potion of heal wounds {unknown}
Books
 b - a book of Flames

   Spells                             Type                      Level
   a - Flame Tongue                   Conjuration/Fire             1
   b - Throw Flame                    Conjuration/Fire             2
   c - Conjure Flame                  Conjuration/Fire             3
   d - Inner Flame                    Hexes/Fire                   3
   e - Sticky Flame                   Conjuration/Fire             4
   f - Fireball                       Conjuration/Fire             5
 h - a book of Minor Magic

   Spells                             Type                      Level
   a - Magic Dart                     Conjuration                  1
   b - Blink                          Translocation                2
   c - Call Imp                       Summoning                    2
   d - Slow                           Hexes                        2
   e - Conjure Flame                  Conjuration/Fire             3
   f - Mephitic Cloud                 Conjuration/Poison/Air       3
 x - a book of the Tempests

   Spells                             Type                      Level
   a - Static Discharge               Conjuration/Air              3
   b - Lightning Bolt                 Conjuration/Air              5
   c - Ignition                       Fire                         8
   d - Tornado                        Air                          9
   e - Shatter                        Earth                        9
Comestibles
 c - 5 bread rations
 f - 2 royal jellies
 t - 3 meat rations
 w - 6 chunks of flesh


   Skills:
 + Level 15.3 Axes
 - Level 1.5 Dodging
 - Level 1.5 Stealth
 - Level 4.2 Spellcasting
 - Level 7.0 Conjurations
 - Level 8.2 Fire Magic


You had 8 spell levels left.
You knew the following spells:

 Your Spells              Type           Power        Failure   Level  Hunger
a - Flame Tongue          Conj/Fire      ####.        1%          1    None
b - Throw Flame           Conj/Fire      ####..       1%          2    ##.....
c - Sticky Flame          Conj/Fire      ####....     10%         4    ####...


Dungeon Overview and Level Annotations

Branches:
Dungeon (5/15)
 Temple: D:4-7

Altars:
Dithmenos

Annotations:
D:4 nht's ghost, amateur HOHu


Message History

You feel very mighty all of a sudden. The scorpion stings you.
* * * LOW HITPOINT WARNING * * *
A river rat comes into view.
You slash the scorpion!
The scorpion is severely wounded.
The rat twitches its whiskers.
The scorpion misses you.
You closely miss the scorpion.
The scorpion is severely wounded.
The scorpion stings you!
* * * LOW HITPOINT WARNING * * *
A quokka comes into view.
You closely miss the scorpion.
The scorpion is severely wounded.
Unknown command.
You hit the scorpion.
You kill the scorpion!
You barely miss the rat. The rat bites you.
You die... █ ██..███ █.█.....█ █.█....<. █.......█ █ █████.....█ █. █.........█ █. ████.██.███ █.█. ██████

████.██.█
█...███@.█.███.......█
█..rZrr██.█.██.██.████
█..██.██.███.█...██.█
███ █. .██ ██.██....█
.. Z. ██ █████.███ █
.█ .█ █ . .█ █ .█ █ ..


You could see 2 river rats, a leopard gecko zombie and a rat.

Vanquished Creatures
  A water moccasin (D:5)
  A scorpion (D:5)
  A hound (D:5)
  Jessica (D:2)
  4 worker ants
  A hound skeleton (D:4)
  7 adders
  A river rat (D:5)
  An ooze (D:2)
  A dart slug (D:1)
  2 leopard geckos
  An orc (D:5)
  2 ball pythons
  6 bats
  5 giant cockroaches
  9 goblins
  10 hobgoblins
  A quokka (D:3)
  2 frilled lizards (D:1)
  3 kobolds
  3 rats
63 creatures vanquished.

Notes
Turn   | Place    | Note
-------+----------+-------------------------------------------
     0 | D:1      | nht the Hill Orc Fire Elementalist began the quest for the Orb.
     0 | D:1      | Reached XP level 1. HP: 14/14 MP: 3/3
   156 | D:1      | Reached XP level 2. HP: 14/20 MP: 2/4
   557 | D:1      | Reached XP level 3. HP: 25/26 MP: 0/5
   745 | D:1      | Learned a level 2 spell: Throw Flame
  1274 | D:2      | Noticed Jessica
  1283 | D:2      | Killed Jessica
  1283 | D:2      | Reached XP level 4. HP: 22/33 MP: 0/6
  1484 | D:2      | Found a shadowy altar of Dithmenos.
  2011 | D:3      | Reached XP level 5. HP: 38/38 MP: 3/7
  2311 | D:4      | Noticed nht's ghost (amateur HOHu)
  2636 | D:3      | Learned a level 4 spell: Sticky Flame
  3092 | D:5      | Entered Level 5 of the Dungeon
  3284 | D:5      | Noticed a water moccasin
  3344 | D:5      | Killed a water moccasin
  3344 | D:5      | Reached skill level 5 in Fire Magic
  3344 | D:5      | Reached XP level 6. HP: 36/45 MP: 0/8
  3847 | D:5      | Reached skill level 1 in Axes
  3898 | D:5      | Reached skill level 2 in Axes
  4031 | D:5      | Reached skill level 3 in Axes
  4054 | D:5      | Reached skill level 15 in Axes
  4054 | D:5      | Reached XP level 7. HP: 11/50 MP: 0/9
  4056 | D:5      | Reached XP level 8. HP: 21/57 MP: 1/14
  4059 | D:5      | HP: 1/57 [scorpion (8)]
  4062 | D:5      | Slain by a rat

Vault maps used:
D:1:      scummos_arrival_gate
D:2:      nicolae_dithmenos_through_a_glass_darkly, first_bread, uniq_jessica
D:5:      lemuel_ratsnest, makhleb_grotto_becter

Skill      XL: |  1  2  3  4  5  6  7 |
---------------+----------------------+-----
Conjurations   | 2 3 4 7 |  7.0
Fire Magic     | 4 5 8 |  8.2
Axes           | 15 | 15.3
Spellcasting   | 4 |  4.2
Dodging        | |  1.5
Stealth        | |  1.5

Action                   |  1- 3 |  4- 6 |  7- 9 || total
-------------------------+-------+-------+-------++-------
Melee: Unarmed           |    19 |    10 |       ||    29
       Hand axe          |       |     2 |     5 ||     7
 Cast: Flame Tongue      |    61 |    81 |       ||   142
       Sticky Flame      |       |     1 |       ||     1
  Use: Scroll            |       |     4 |       ||     4
       Potion            |       |     3 |     3 ||     6
 Stab: Sleeping          |       |     1 |       ||     1
  Eat: Chunk             |     3 |     5 |       ||     8
       Meat ration       |       |     1 |       ||     1
Armor: Robe              |    10 |     8 |       ||    18
Dodge: Dodged            |    33 |    36 |     3 ||    72
